 Dungeon Crawl Stone Soup version 0.20.1-1-g8b1a95d (webtiles) character file.

1807 vineage the Cruncher (level 8, -13/60 HPs)
             Began as a Demonspawn Gladiator on Aug 19, 2017.
             Mangled by an orc warrior
             ... wielding a +3 war axe of chopping
              (22 damage)
             ... on level 8 of the Dungeon.
             The game lasted 00:09:51 (6130 turns).

vineage the Cruncher (Demonspawn Gladiator)         Turns: 6130, Time: 00:09:52

Health: -13/60     AC:  9    Str: 17    XL:     8   Next: 84%
Magic:  8/8        EV: 10    Int: 10    God:
Gold:   382        SH:  0    Dex: 14    Spells: 7/7 levels left

rFire    + . .     SeeInvis .   H - +1 flail (protect)
rCold    + . .     Gourm    .   (no shield)
rNeg     . . .     Faith    .   y - +0 plate armour
rPois    +         Spirit   .   (no helmet)
rElec    +         Reflect  .   (no cloak)
rCorr    +         Harm     +   (no gloves)
MR       .....     Rnd*Rage +   j - +1 pair of boots
Stlth    ..........             w - amulet of harm
Regen    0.2/turn               o - ring of stealth
MPRegen  0.2/turn               A - ring of flight

@: resistant, hasted, very quick
A: talons 1, repulsion field 2, berserk 1, deformed body, high mp 1, powered by
death 2, spiny 1
a: Evoke Flight


You were on level 8 of the Dungeon.
You were hungry.

You visited 2 branches of the dungeon, and saw 9 of its levels.

You collected 382 gold pieces.

Inventory:

Hand Weapons
 a - a +1 quarterstaff
 H - a +1 flail of protection (weapon)
Missiles
 d - 4 throwing nets (quivered)
Armour
 b - a +0 leather armour
 c - a +0 helmet
 j - a +1 pair of boots (worn)
 p - a +0 shield
 y - a +0 plate armour (worn)
Jewellery
 o - a ring of stealth (left hand)
 t - an uncursed ring of poison resistance
 w - an amulet of harm (around neck)
 A - a ring of flight (right hand)
Wands
 u - a wand of paralysis (10/24)
 G - a wand of iceblast (6/15)
Scrolls
 g - 4 scrolls of amnesia
 i - a scroll of remove curse
 m - 3 scrolls of enchant weapon
 r - a scroll of fear
 v - 6 scrolls of teleportation {unknown}
 B - 2 scrolls of magic mapping
 E - 2 scrolls of immolation {unknown}
 F - a scroll of blinking {unknown}
Potions
 e - 2 potions of heal wounds {unknown}
 h - a potion of lignification {unknown}
 k - a potion of cancellation {unknown}
 q - 2 potions of haste
 s - 2 potions of agility {unknown}
 x - a potion of curing
 z - a potion of resistance
 C - a potion of degeneration {unknown}
 D - 2 potions of magic {unknown}
 I - a potion of invisibility {unknown}
Books
 J - a book of Flames

   Spells                             Type                      Level
   a - Flame Tongue                   Conjuration/Fire             1
   b - Throw Flame                    Conjuration/Fire             2
   c - Conjure Flame                  Conjuration/Fire             3
   d - Inner Flame                    Hexes/Fire                   3
   e - Sticky Flame                   Conjuration/Fire             4
   f - Fireball                       Conjuration/Fire             5
Comestibles
 f - 11 bread rations
 l - 4 fruits
 n - 7 meat rations


   Skills:
 + Level 4.3 Fighting
 + Level 8.2 Staves
 + Level 2.1 Throwing
 + Level 4.2 Armour
 + Level 4.1 Dodging
 + Level 2.2 Stealth


You had 7 spell levels left.
You didn't know any spells.

Dungeon Overview and Level Annotations

Branches:
Dungeon (8/15)             Temple (1/1) D:5
   Lair: D:8-11

Altars:
Ashenzari
Cheibriados
Dithmenos
Elyvilon
Fedhas
Gozag
Hepliaklqana
Kikubaaqudgha
Makhleb
Nemelex Xobeh
Okawaru
Qazlal
Ru
Sif Muna
Trog
Uskayaw
Vehumet
Xom
Yredelemnul
Zin


Innate Abilities, Weirdness & Mutations

You have sharp toenails.
You are surrounded by a moderate repulsion field. (EV +3)
You regenerate health from kills.
You are partially covered in sharp spines.
You tend to lose your temper in combat.
Armour fits poorly on your strangely shaped body.
You have an increased reservoir of magic. (+10% MP)


Message History

You closely miss the orc warrior.
The orc warrior hits you with a war axe of chopping!
You closely miss the orc warrior.
The orc warrior hits you with a war axe of chopping!
You closely miss the orc warrior.
The orc warrior hits you with a war axe of chopping!
You are too injured to fight recklessly!
You barely miss the orc warrior.
The orc warrior is struck by your spines.
The orc warrior hits you with a war axe of chopping!
* * * LOW HITPOINT WARNING * * *
x2 You feel better.
You feel yourself speed up.
The orc warrior hits you with a war axe of chopping.
* * * LOW HITPOINT WARNING * * *
x2 It was a potion of resistance.
You feel protected.
The orc warrior is struck by your spines.
The orc warrior hits you with a war axe of chopping!!
You die...

#......#. ... #.#####.#
## #..# #.######### ..#
#..# #.......... #.##..#
#.######### #.#[.# #.# ##
#....# #.# ..
##....######.#
#.###....†.o@....#######
#.........######.......#
#........## #######.#
#####.#### #.# #.# #.#
####.########## #.#
#.............#######.#
#......##...............#
#......##.#####.#########


You could see an orc warrior.

Vanquished Creatures
  A hippogriff (D:7)
  A black bear (D:6)
  3 ogres
  2 ice beasts
  A centaur (D:1)
  A bullfrog (D:6)
  3 howler monkeys
  A bullfrog zombie (D:3)
  5 crimson imps
  A jelly (D:7)
  An orc priest (D:6)
  2 hounds
  A bullfrog skeleton (D:6)
  3 iguanas
  3 orc wizards
  2 worker ants (D:5)
  A worker ant zombie (D:7)
  7 gnolls
  8 adders
  A shadow imp (D:5)
  An adder zombie (D:6)
  5 worms
  2 dart slugs
  A leopard gecko (D:3)
  12 orcs
  6 bats
  5 giant cockroaches
  5 goblins
  9 hobgoblins
  5 jackals
  5 quokkas
  A ball python (D:3)
  4 frilled lizards
  6 kobolds
  11 rats
126 creatures vanquished.

Notes
Turn   | Place    | Note
-------+----------+-------------------------------------------
     0 | D:1      | vineage the Demonspawn Gladiator began the quest for the Orb.
     0 | D:1      | Reached XP level 1. HP: 16/16 MP: 1/1
   334 | D:1      | Reached skill level 3 in Staves
   457 | D:1      | Gained mutation: You are surrounded by a mild repulsion field. (EV +2) [demonic ancestry]
   457 | D:1      | Reached XP level 2. HP: 22/22 MP: 2/2
   961 | D:1      | Noticed a centaur
   973 | D:1      | Killed a centaur
   973 | D:1      | Reached skill level 1 in Armour
   973 | D:1      | Gained mutation: You are partially covered in sharp spines. [demonic ancestry]
   973 | D:1      | Reached XP level 3. HP: 4/27 MP: 3/3
   973 | D:1      | Gained mutation: You are surrounded by a moderate repulsion field. (EV +3) [demonic ancestry]
   973 | D:1      | Reached XP level 4. HP: 5/33 MP: 4/4
  1989 | D:2      | Gained mutation: You have sharp toenails. [demonic ancestry]
  1989 | D:2      | Reached XP level 5. HP: 39/39 MP: 5/5
  2086 | D:3      | Reached skill level 4 in Staves
  2313 | D:3      | Found a glowing silver altar of Zin.
  2411 | D:3      | Gained mutation: You are robust. (+10% HP) [potion of mutation]
  2411 | D:3      | Gained mutation: You have a beak for a mouth. [potion of mutation]
  2411 | D:3      | Gained mutation: You are agile. (Dex +2) [potion of mutation]
  2412 | D:3      | Lost mutation: You have a beak for a mouth. [potion of mutation]
  2412 | D:3      | Lost mutation: You are robust. (+10% HP) [potion of mutation]
  2412 | D:3      | Lost mutation: You are agile. (Dex +2) [potion of mutation]
  2412 | D:3      | Gained mutation: Scrolls take you a little longer to read. [potion of mutation]
  2412 | D:3      | Gained mutation: You are clumsy. (Dex -2) [potion of mutation]
  2412 | D:3      | Gained mutation: You have a beak for a mouth. [potion of mutation]
  2412 | D:3      | Gained mutation: You have razor-sharp toenails. [potion of mutation]
  2413 | D:3      | Lost mutation: You have razor-sharp toenails. [potion of mutation]
  2413 | D:3      | Lost mutation: You are clumsy. (Dex -2) [potion of mutation]
  2413 | D:3      | Lost mutation: Scrolls take you a little longer to read. [potion of mutation]
  2413 | D:3      | Lost mutation: You have a beak for a mouth. [potion of mutation]
  2413 | D:3      | Gained mutation: You tend to lose your temper in combat. [potion of mutation]
  2413 | D:3      | Gained mutation: Armour fits poorly on your strangely shaped body. [potion of mutation]
  2413 | D:3      | Gained mutation: You have an increased reservoir of magic. (+10% MP) [potion of mutation]
  2641 | D:4      | Noticed an ogre
  2652 | D:4      | Killed an ogre
  2652 | D:4      | Reached skill level 1 in Stealth
  2652 | D:4      | Reached XP level 6. HP: 46/46 MP: 6/6
  2674 | D:4      | Found a shattered altar of Ashenzari.
  2873 | D:4      | You fall through a shaft!
  2873 | D:5      | Entered Level 5 of the Dungeon
  2928 | D:5      | Reached skill level 5 in Staves
  3297 | D:5      | Gained mutation: You regenerate a little health from kills. [demonic ancestry]
  3297 | D:5      | Reached XP level 7. HP: 51/51 MP: 7/7
  3300 | D:5      | Found a staircase to the Ecumenical Temple.
  3321 | Temple   | Entered the Ecumenical Temple
  3843 | D:5      | Found a white marble altar of Elyvilon.
  4350 | D:6      | Found a sacrificial altar of Ru.
  4556 | D:5      | Reached skill level 6 in Staves
  5057 | D:6      | Gained mutation: You regenerate health from kills. [demonic ancestry]
  5057 | D:6      | Reached XP level 8. HP: 41/58 MP: 8/8
  5088 | D:7      | Reached skill level 7 in Staves
  5290 | D:7      | Noticed a hippogriff
  5295 | D:7      | Killed a hippogriff
  5891 | D:7      | Reached skill level 8 in Staves
  6130 | D:8      | Mangled by an orc warrior

Skill      XL: |  1  2  3  4  5  6  7  8 |
---------------+-------------------------+-----
Staves         | 3 4 5 6 8 |  8.2
Dodging        | 3 4 |  4.1
Throwing       | 2 |  2.1
Armour         | 1 2 3 4 |  4.2
Stealth        | 1 2 |  2.2
Fighting       | 3 4 |  4.3

Action                   |  1- 3 |  4- 6 |  7- 9 || total
-------------------------+-------+-------+-------++-------
Melee: Quarterstaff      |    62 |   156 |   157 ||   375
       Flail             |       |       |     9 ||     9
  Use: Scroll            |     1 |     3 |     5 ||     9
       Potion            |       |     3 |     4 ||     7
 Stab: Sleeping          |       |     5 |       ||     5
       Invisible         |       |       |     1 ||     1
       Paralysed         |       |       |     1 ||     1
  Eat: Chunk             |       |     4 |     2 ||     6
       Fruit             |       |     1 |       ||     1
       Royal jelly       |       |     1 |     1 ||     2
       Meat ration       |       |       |     1 ||     1
Armor: Leather armour    |    17 |    21 |       ||    38
       Plate armour      |       |     7 |    82 ||    89
Dodge: Dodged            |    41 |    94 |    63 ||   198
